 Dungeon Crawl Stone Soup version 0.28-a0-643-g84cb2ea78e (webtiles) character file.

Game seed: 11078260807660020086

19 lawman0 the Sneak (level 2, -6/15 HPs)
             Began as a Kobold Enchanter on Oct 10, 2021.
             Mangled by Sigmund (11 damage)
             ... on level 2 of the Dungeon.
             The game lasted 00:01:48 (1074 turns).

lawman0 the Sneak (Kobold Enchanter)                Turns: 1074, Time: 00:01:49

Health: -6/15      AC:  3    Str:  5    XL:     2   Next: 95%
Magic:  3/5        EV: 15    Int: 16    God:
Gold:   59         SH:  0    Dex: 15    Spells: 3/5 levels left

rFire   . . .      SeeInvis .   a - +1 dagger
rCold   . . .      Faith    .   (shield restricted)
rNeg    . . .      Spirit   .   b - +0 robe
rPois   .          Reflect  .   (no helmet)
rElec   .          Harm     .   (no cloak)
rCorr   +          Rampage  .   h - +0 pair of gloves
Will    .....                   (no boots)
Stlth   ++++......              (no amulet)
HPRegen 0.05/turn               i - ring of resist corrosion
MPRegen 0.09/turn               (no ring)

@: no status effects
A: small, no large weapons, nightstalker 3
a: no special abilities


You were on level 2 of the Dungeon.
You visited 1 branch of the dungeon, and saw 2 of its levels.

You collected 59 gold pieces.

Inventory:

Hand Weapons
 a - a +1 dagger (weapon)
Missiles
 f - 2 throwing nets (quivered)
Armour
 b - a +0 robe (worn)
 h - a +0 pair of gloves (worn)
Jewellery
 i - a ring of resist corrosion (left hand)
 k - a ring of willpower
Scrolls
 d - 2 scrolls of enchant armour {unknown}
 e - a scroll of noise {unknown}
Potions
 c - a potion of invisibility
 g - a potion of haste {unknown}
 j - a potion of resistance {unknown}


   Skills:
 + Level 0.2 Fighting
 * Level 1.9 Short Blades
 + Level 2.4 Dodging
 * Level 4.5 Stealth
 + Level 2.2 Spellcasting
 * Level 3.4 Hexes


You had 3 spell levels left.
You knew the following spells:

 Your Spells              Type           Power      Damage    Failure   Level
a - Ensorcelled Hibernat  Hex/Ice        14%        N/A       16%         2

Your spell library contained the following spells:

 Spells                   Type           Power      Damage    Failure   Level
 Confusing Touch          Hex            12%        N/A       16%         3
 Tukima's Dance           Hex            12%        N/A       16%         3
 Magic Dart               Conj           4%         1d3       21%         1
 Searing Ray              Conj           2%         2d4       30%         2
 Dazzling Flash           Conj/Hex       14%        N/A       30%         3
 Fulminant Prism          Conj/Hex       3%         3d6       69%         4


Dungeon Overview and Level Annotations

Branches:
Dungeon (2/15)

Altars:

Annotations:
D:2 Sigmund


Innate Abilities, Weirdness & Mutations

You are small and have problems with some larger weapons.
You are completely attuned to the shadows.


Message History

Found a smoky cyan potion.
The goblin shouts!
You hear a shout! x2; The goblin shouts!
You hear an angry hiss.
There are monsters nearby!
There are monsters nearby!
Casting: Ensorcelled Hibernation (safe; 16% risk of failure)
Confirm with . or Enter, or press ? or * to list all spells.
Aiming: Ensorcelled Hibernation (safe; 16% risk of failure)
Press: ? - help, Shift-Dir - straight line, f - goblin
Aim: a goblin, wielding a +0 dagger (chance to affect: 56%)
The goblin looks drowsy...
The helpless goblin fails to defend itself.
You impale the goblin!!
You kill the goblin!
A hobgoblin comes into view.
Sigmund the Dreaded comes into view.
He is wielding a +0 scythe.
Unknown command.
You closely miss the goblin. The goblin closely misses you.
You hit the goblin.
The goblin is severely wounded.
The goblin barely misses you.
A worm comes into view.
You hit the goblin.
You kill the goblin!
Sigmund hits you from afar with a +0 scythe!
Ouch! That really hurt!
* * * LOW HITPOINT WARNING * * *
A giant cockroach comes into view.
Unknown command.
You barely miss the hobgoblin. The hobgoblin misses you.
You are too injured to fight recklessly!
You closely miss the hobgoblin. The hobgoblin barely misses you.
A worm comes into view.
You are too injured to fight recklessly!
You hit the hobgoblin.
The hobgoblin is heavily wounded.
The giant cockroach waves its antennae.
Sigmund hits you from afar with a +0 scythe!
Ouch! That really hurt!
You die...

.# #.#. .. ....
..## ####....
.... #.@g@w..
.....###.##B...
.........# ..w.
......#### .!..
.###......#
....
.............#
..^..........#
.............#
.............#


You could see Sigmund, 2 worms, a giant cockroach and a hobgoblin.

Vanquished Creatures
  2 bats
  2 endoplasms (D:1)
  A giant cockroach (D:1)
  2 goblins (D:2)
  2 hobgoblins (D:1)
  A quokka (D:1)
  A ball python (D:1)
  A frilled lizard (D:1)
  3 kobolds (D:1)
  2 rats (D:1)
17 creatures vanquished.

Notes
Turn   | Place    | Note
-------+----------+-------------------------------------------
     0 | D:1      | lawman0 the Kobold Enchanter began the quest for the Orb.
     0 | D:1      | Reached XP level 1. HP: 10/10 MP: 3/3
   424 | D:1      | Reached XP level 2. HP: 15/15 MP: 5/5
   466 | D:1      | Learned a level 2 spell: Ensorcelled Hibernation
  1067 | D:2      | Noticed Sigmund
  1074 | D:2      | Mangled by Sigmund

Illustrated notes

Levels and vault maps discovered:
D:1:      dpeg_chamrin_arrival_tetris, layout_rooms, serial_bayou_ford_a,
          chequers_avenue
D:2:      layout_basic, shapermc_ecumenical_altar_flowoftime, uniq_sigmund

Action                   || total
-------------------------++-------
Melee: Dagger            ||    48
 Cast: Ensorcelled Hiber ||     4
 Stab: Sleeping          ||     9
Armor: Robe              ||     7
Dodge: Dodged            ||    37

Table legend: (Time is in decaauts)
 A = Elapsed time spent in this place.
 B = Non-inter-level travel time spent in this place.
 C = Inter-level travel time spent in this place.
 D = Time resting spent in this place.
 E = Time spent auto-exploring this place.
 F = Levels seen in this place.
 G = Mean time per level.
                   A        B        C        D        E       F      G
               +--------+--------+--------+--------+--------+-----+--------+
         Total |   1083 |   1062 |     21 |    203 |    710 |   2 |  541.5 |
       Dungeon |   1083 |   1062 |     21 |    203 |    710 |   2 |  541.5 |
               +--------+--------+--------+--------+--------+-----+--------+

Top non-repeatable levels by time:
     D:1: 1035 daAuts
     D:2: 48 daAuts
